 Dungeon Crawl Stone Soup version 0.31-a0-841-g038b102fc3 (webtiles) character file.

Game seed: 13892001165399479191

57 Shayle the Conjurer (level 3, -10/25 HPs)
             Began as a Demonspawn Reaver on Sept 28, 2023.
             Mangled by a gnoll
             ... wielding a +0 halberd
              (14 damage)
             ... on level 2 of the Dungeon.
             The game lasted 00:02:29 (1514 turns).

Shayle the Conjurer (Demonspawn Reaver)             Turns: 1514, Time: 00:02:30

Health: -10/25     AC:  4    Str: 11 (12) XL:     3   Next: 73%
Magic:  6/6        EV: 11    Int: 15 (16) God:
Gold:   80         SH:  0    Dex: 11      Spells: 6/7 levels left

rFire   . . .        e - +1 dagger (drain)
rCold   + . .        (no shield)
rNeg    . . .        b - +0 leather armour
rPois   .            g - +1 hat
rElec   .            (no cloak)
rCorr   .            (no gloves)
SInv    .            (no boots)
Will    .....        (no amulet)
Stlth   +            (no ring)
HPRegen 0.24/turn    (no ring)
MPRegen 0.10/turn

%: no passive effects
@: attractive
A: demonic magic 1, cold resistance 1, deterioration 1, frail 1
a: no special abilities


You were on level 2 of the Dungeon.
You visited 1 branch of the dungeon, and saw 3 of its levels.

You collected 80 gold pieces.

Inventory:

Hand Weapons
 a - a +0 spear
 e - a +1 dagger of draining (weapon)
Armour
 b - a +0 leather armour (worn)
 g - a +1 hat (worn)
Scrolls
 d - a scroll of torment {unknown}
 f - a scroll of enchant armour {unknown}
 i - a scroll of identify {unknown}
Potions
 c - a potion of attraction


   Skills:
 + Level 2.6 Fighting
 - Level 2.6 Polearms
 + Level 1.2 Armour
 - Level 1.7 Dodging
 + Level 2.5 Spellcasting
 - Level 3.0 Conjurations
 + Level 1.7 Necromancy


You had 6 spell levels left.
You knew the following spells:

 Your Spells              Type           Power      Damage    Failure   Level
a - Kiss of Death         Conj/Necr      32%        2d7       11%         1

Your spell library contained the following spells:

 Spells                   Type           Power      Damage    Failure   Level
 Momentum Strike          Conj/Tloc      12%        3d8       22%         2
 Hailstorm                Conj/Ice       6%         3d4       41%         3


Dungeon Overview and Level Annotations

Branches:
Dungeon (3/15)

Altars:


Innate Abilities, Weirdness & Mutations

Spells you cast may paralyse adjacent enemies.
Your flesh is cold resistant. (rC+)
Your body sometimes deteriorates upon taking damage.
You are frail. (-10% HP)


Message History

c - 2 fuming golden potions (gained 1)
A rat comes into view.
Found a stone staircase leading down.
Found a ring mail.
A gnoll comes into view. It is wielding a +0 flail.
The gnoll shouts!
You hit the rat.
The rat is severely wounded.
The rat bites you but does no damage.
You hit the rat.
You kill the rat!
A gnoll comes into view. It is wielding a +0 whip.
The gnoll shouts!
You hear a shout! x2
The gnoll hits you with a +0 flail.
You see here a rat corpse.
You hit the gnoll. You drain the gnoll.
The gnoll is moderately wounded.
A gnoll comes into view. It is wielding a +0 spear.
The gnoll hits you with a +0 flail.
You hit the gnoll.
The gnoll is moderately wounded.
A gnoll comes into view. It is wielding a +0 halberd.
The gnoll hits you with a +0 flail.
Your body deteriorates!
You feel weakened.
You hit the gnoll.
The gnoll is heavily wounded.
The gnoll barely misses you.
You hit the gnoll.
The gnoll is severely wounded.
The gnoll hits you with a +0 flail.
* * * LOW HITPOINT WARNING * * *
It was a potion of attraction.
You feel attractive to monsters. The gnoll hits you with a +0 flail.
* * * LOW HITPOINT WARNING * * *
You hit the gnoll but do no damage. You drain the gnoll.
The gnoll is almost dead.
The gnoll hits you from afar with a +0 halberd!
Ouch! That really hurt!
You die...

#. # #. # ##.g ### #...
##+###.# ###...# #....#.#
#....g. #....#.#
#.....g###########....#.#
#.>...gg@................
#.....####...###....#####
#[... #...###.######..
#... #.....#........# ###
#.....######.#..
#.....#...##.##.
###...#†..##....
###.......######
#.........#


You could see 4 gnolls.

Vanquished Creatures
  A gnoll (D:1)
  An adder (D:2)
  3 ball pythons
  2 bats
  6 endoplasms
  2 giant cockroaches (D:1)
  7 goblins
  2 hobgoblins (D:1)
  2 quokkas (D:1)
  5 frilled lizards
  A kobold (D:1)
  3 rats
35 creatures vanquished.

Notes
Turn   | Place    | Note
-------+----------+-------------------------------------------
     0 | D:1      | Shayle the Demonspawn Reaver began the quest for the Orb.
     0 | D:1      | Reached XP level 1. HP: 16/16 MP: 3/3
   296 | D:1      | Gained mutation: Spells you cast may paralyse adjacent
                  | enemies. [demonic ancestry]
   296 | D:1      | Reached XP level 2. HP: 18/22 MP: 5/5
   632 | D:1      | Reached skill level 1 in Necromancy
   842 | D:1      | Reached skill level 1 in Armour
   842 | D:1      | Reached XP level 3. HP: 21/28 MP: 6/6
  1187 | D:3      | Gained mutation: You are frail. (-10% HP) [potion of
                  | mutation]
  1187 | D:3      | Gained mutation: Your body sometimes deteriorates upon
                  | taking damage. [potion of mutation]
  1187 | D:3      | Gained mutation: Your flesh is cold resistant. (rC+)
                  | [potion of mutation]
  1514 | D:2      | Mangled by a gnoll

Illustrated notes

Levels and vault maps discovered:
D:1:      minmay_arrival_loop, layout_basic
D:2:      mumra_celtic_spiral_tile, layout_basic, nicolae_nh_oracle_at_delphi,
          uniq_jessica
D:3:      layout_rooms, shapermc_ecumenical_altar_mp_highgroup, uniq_grinder,
          uniq_ijyb

Skill      XL: |  1  2 |
---------------+-------+-----
Necromancy     | 1 |  1.7
Armour         | 1 |  1.2
Fighting       | |  2.6
Polearms       | |  2.6
Dodging        | |  1.7
Spellcasting   | |  2.5
Conjurations   | |  3.0

Action                     || total
---------------------------++-------
  Melee: Spear             ||    28
         Dagger            ||    95
    Use: Potion            ||     3
   Stab: Sleeping          ||     1
 Armour: Leather armour    ||    82
  Dodge: Dodged            ||    67

Table legend: (Time is in decaauts)
 A = Elapsed time spent in this place.
 B = Non-inter-level travel time spent in this place.
 C = Inter-level travel time spent in this place.
 D = Time resting spent in this place.
 E = Time spent auto-exploring this place.
 F = Levels seen in this place.
 G = Mean time per level.
                   A        B        C        D        E       F      G
               +--------+--------+--------+--------+--------+-----+--------+
         Total |   1512 |   1377 |    135 |      0 |   1064 |   3 |  504.0 |
       Dungeon |   1512 |   1377 |    135 |      0 |   1064 |   3 |  504.0 |
               +--------+--------+--------+--------+--------+-----+--------+

Top non-repeatable levels by time:
     D:1: 1136 daAuts
     D:2: 372 daAuts
     D:3: 3 daAuts
